 Dungeon Sprint DCSS version bcrawl-1.27.1d (webtiles) character file.

Game seed: 9885127531401110937

2199732 DieBirke the Timeless (level 12, -1/112 HPs)
             Began as a Djinni Fighter on July 20, 2020.
             Was a High Priest of Cheibriados.
             Slain by a stone giant (12 damage)
             ... in the Dungeon (Sprint IX: "|||||||||||||||||||||||||||||").
             The game lasted 00:05:14 (1697 turns).

DieBirke the Timeless (Djinni Fighter)              Turns: 1697, Time: 00:05:14

Health: -1/112     AC: 22    Str: 35    XL:     12   Next: 58%
Magic:  2/31       EV: 10    Int: 30    God:    Cheibriados [*****.]
Gold:   190        SH: 22    Dex: 22    Spells: 20/20 levels left

rFire    + + .     SeeInvis .   o - +2 scimitar (holy)
rCold    . . .     Gourm    .   c - +0 medium shield
rNeg     . . .     Faith    .   K - +3 plate armour {rF+}
rPois    .         Spirit   .   p - +0 helmet
rElec    .         Reflect  .   J - +1 cloak {+Inv}
rCorr    .         Harm     .   (no gloves)
MR       +....     Rnd*Rage +   (boots unavailable) Stlth ..........NoTele +
                                (no amulet)
HPRegen  0.28/turn              t - +3 ring of strength
MPRegen  0.22/turn              s - +3 ring of intelligence

@: flying, very slow
A: never pass out, berserk 2, blink, blurry vision 2, fire resistance 1, high mp
2, wild magic 3, disrupted magic 1, MP-powered wands, floating
a: Blink, Bend Time, Temporal Distortion, Slouch, Step From Time, Renounce
Religion, Evoke Invisibility


You were in the Dungeon.
You worshipped Cheibriados.
Cheibriados was extremely pleased with you.
You were hungry.

You visited 1 branch You collected 1913 gold pieces.
You spent 1723 gold pieces at shops.

Inventory:

Hand Weapons
 a - a +0 long sword
 o - a +2 scimitar of holy wrath (weapon)
 I - the +8 glaive of the Guard {elec, +Rage AC+5 SInv}
   (You found it in the Dungeon)

   Occasionally, upon striking a foe, it will discharge some electrical energy
   and cause terrible harm.
   It affects your AC (+5).
   It lets you see invisible.
   It lets you go berserk.
Missiles
 y - 4 throwing nets {=f}
Armour
 b - a +0 scale mail
 c - a +0 medium shield (worn)
 p - a +0 helmet (worn)
 q - a +0 cloak
 r - a +0 plate armour
 u - +1 storm dragon scales
 A - the +1 pair of gloves of the Clam {rF+ rC+ Int-2 Slay+2}
   (You bought it in a shop in the Dungeon)

   It affects your intelligence (-2).
   It affects your accuracy and damage with ranged weapons and melee attacks
   (+2).
   It protects you from fire.
   It protects you from cold.
 J - a +1 cloak of invisibility (worn)
 K - a +3 plate armour of fire resistance (worn)
Jewellery
 s - a +3 ring of intelligence (right hand)
 t - a +3 ring of strength (left hand)
 E - an uncursed ring of poison resistance
 F - the ring "Uhetiva" {Fire rN+ Str-4 Int+4}
   (You found it in the Dungeon)

   [ring of fire]

   It enhances your fire magic.
   It affects your strength (-4).
   It affects your intelligence (+4).
   It protects you from fire.
   It makes you vulnerable to cold.
   It protects you from negative energy.
 G - an uncursed ring of protection from magic
 H - an uncursed ring of poison resistance
Scrolls
 k - 3 scrolls of blinking
 l - 5 scrolls of remove curse
 m - 2 scrolls of amnesia
 v - 4 scrolls of fear
 w - 2 scrolls of enchant weapon
 x - 3 scrolls of identify
 N - a scroll of fog
Potions
 d - 5 potions of might
 f - 6 potions of curing
 g - 4 potions of heal wounds
 h - a potion of haste
 i - 4 potions of magic
 j - a potion of invisibility
 n - 2 potions of mutation
 D - a potion of degeneration {unknown}
 L - 2 potions of brilliance
 M - a potion of resistance
Miscellaneous
 z - a phial of floods
 B - a fan of gales (2/2)
 C - a box of beasts
Comestibles
 e - 11 rations {!d}


   Skills:
 + Level 12.0 Fighting
 + Level 15.0 Long Blades
 + Level 11.0 Armour
 + Level 5.4 Dodging
 + Level 12.6 Shields
 + Level 4.5 Spellcasting
 * Level 21.0 Invocations
 + Level 2.5 Evocations


You had 20 spell levels left.
You didn't know any spells.
Your spell library contained the following spells:

 Spells                   Type           Power        Failure   Level  Hunger
 Ensorcelled Hibernation  Hex/Ice        ##....       99%         2    None
 Borgnjor's Vile Clutch   Necr/Erth      ##........   100%        6    #######
 Darkness                 Hex            ##........   100%        6    #######
 Infestation              Hex/Tmut/Pois  ##.......    100%        6    #######
 Shadow Creatures         Summ           N/A          100%        6    #######
 Time Stop                Chrm/Tloc      N/A          100%        8    #######


Dungeon Overview and Level Annotations

Branches:
Dungeon (1/1)

Altars:
Cheibriados
Dithmenos
Elyvilon
Fedhas
Gozag
Hepliaklqana
Kikubaaqudgha
Lugonu
Makhleb
Nemelex Xobeh
Okawaru
Qazlal
Ru
Sif Muna
Trog
Uskayaw
Vehumet
Wu Jian
Xom
Yredelemnul
Zin
The Shining One
Beogh
Jiyva

Shops:
D *}[*


Innate Abilities, Weirdness & Mutations

You never pass out after going berserk.
You often lose your temper in combat.
You can translocate small distances at will.
Scrolls take you longer to read.
Your flesh is heat resistant. (rF+)
You have a considerably increased reservoir of magic. (+20% MP)
Your spells are much harder to cast, but much more powerful.
Your casting is slightly disrupted.
You expend magic power (3 MP) to strengthen your wands.
Your body floats in the air.


Message History

You block the stone giant's attack.
You hit the stone giant.
The stone giant is severely wounded.
You hit the stone giant but do no damage.
The stone giant is severely wounded.
The stone giant hits you.
* * * LOW HITPOINT WARNING * * *
You hit the stone giant but do no damage.
The stone giant is severely wounded.
The stone giant hits you!
* * * LOW HITPOINT WARNING * * *
You hit the stone giant.
The stone giant is severely wounded.
You block the stone giant's attack.
You hit the stone giant but do no damage.
The stone giant is severely wounded.
You hit the stone giant.
The stone giant is severely wounded.
The stone giant hits you!
You die...

▓▓▓▓▓▓▓▓▓▓▓▓▓▓▓▓▓▓▓▓▓▓▓▓▓
[.[[[[..........@CcDQJ...
▓▓▓▓▓▓▓▓▓▓▓▓▓▓▓▓▓▓▓▓▓▓▓▓▓▓▓▓▓▓▓▓▓
......................)..........
▓▓▓▓▓▓▓▓▓▓▓▓▓▓▓▓▓▓▓▓▓▓▓▓▓▓▓▓▓▓▓▓▓
.)))).))).....)).)))∩.∩.∩)∩.)...'
▓▓▓▓▓▓▓▓▓▓▓▓▓▓▓▓▓▓▓▓▓▓▓▓▓▓▓▓▓▓▓▓▓
...........))....................
▓▓▓▓▓▓▓▓▓▓▓▓▓▓▓▓▓▓▓▓▓▓▓▓▓▓▓▓▓▓▓▓▓
.....÷.....†.÷.††.†......([('..[[


You could see a fire dragon, a stone giant, a slime creature, a tengu warrior
and a yaktaur.

Vanquished Creatures
  Urug (D)
  An ice dragon (D)
  Harold (D)
  Psyche (D)
  2 hydras (D)
  2 centaur warriors (D)
  A death yak (D)
  3 two-headed ogres (D)
  A tengu warrior (D)
  An orc high priest (D)
  A cyclops (D)
  11 orc knights (D)
  An orc sorcerer (D)
  A manticore (D)
  Joseph (D)
  An elephant (D)
  A black mamba (D)
  A torpor snail (D)
  2 cane toads (D)
  A komodo dragon (D)
  3 tyrant leeches (D)
  3 blink frogs (D)
  A basilisk (D)
  2 yaks (D)
  Grum (D)
  A crocodile (D)
  A water moccasin (D)
  2 porcupines (D)
  15 orc warriors (D)
  A black bear (D)
  A boggart (D)
  An ogre (D)
  A centaur (D)
  A wolf (D)
  4 bullfrogs (D)
  A big kobold (D)
  A crimson imp (D)
  A hound (D)
  A jelly (D)
  2 orc priests (D)
  3 orc wizards (D)
  A worker ant (D)
  3 adders (D)
  A dart slug (D)
  7 orcs (D)
  A bat skeleton (D)
  A jackal (D)
  3 bats (D)
  A rat (D)
100 creatures vanquished.

Notes
Turn   | Place    | Note
-------+----------+-------------------------------------------
     0 | D        | DieBirke the Djinni Fighter began the quest for the Orb.
     0 | D        | Reached XP level 1. HP: 19/19 MP: 1/1
    17 | D        | Reached skill level 1 in Spellcasting
    37 | D        | Noticed a jelly
    37 | D        | Noticed a worker ant
    41 | D        | Killed a jelly
    41 | D        | Reached XP level 2. HP: 27/28 MP: 3/6
    41 | D        | Reached XP level 3. HP: 34/35 MP: 3/7
    45 | D        | Reached skill level 5 in Fighting
    51 | D        | Gained mutation: Your spells are harder to cast, but more
                  | powerful. [Djinni growth]
    51 | D        | Gained mutation: You can translocate small distances at
                  | will. [Djinni growth]
    51 | D        | Reached XP level 4. HP: 31/42 MP: 3/10
   154 | D        | Found a roughly hewn altar of Beogh.
   154 | D        | Found a snail-covered altar of Cheibriados.
   154 | D        | Found a shadowy altar of Dithmenos.
   154 | D        | Found a white marble altar of Elyvilon.
   154 | D        | Found a blossoming altar of Fedhas.
   154 | D        | Found an opulent altar of Gozag.
   155 | D        | Found a hazy altar of Hepliaklqana.
   156 | D        | Found a viscous altar of Jiyva.
   157 | D        | Found an ancient bone altar of Kikubaaqudgha.
   158 | D        | Became a worshipper of Cheibriados the Contemplative
   159 | D        | Found a corrupted altar of Lugonu.
   160 | D        | Found a burning altar of Makhleb.
   161 | D        | Found a sparkling altar of Nemelex Xobeh.
   162 | D        | Found an iron altar of Okawaru.
   163 | D        | Found a stormy altar of Qazlal.
   164 | D        | Found a sacrificial altar of Ru.
   165 | D        | Found a shimmering blue altar of Sif Muna.
   166 | D        | Found a bloodstained altar of Trog.
   167 | D        | Found a hide-covered altar of Uskayaw.
   168 | D        | Found a radiant altar of Vehumet.
   169 | D        | Found an ornate altar of the Wu Jian Council.
   170 | D        | Found a shimmering altar of Xom.
   171 | D        | Found a basalt altar of Yredelemnul.
   172 | D        | Found a glowing silver altar of Zin.
   173 | D        | Found a glowing golden altar of the Shining One.
   224 | D        | Noticed a two-headed ogre
   224 | D        | Noticed a centaur
   229 | D        | Reached skill level 1 in Invocations
   230 | D        | Killed a two-headed ogre
   230 | D        | Reached * piety under Cheibriados
   230 | D        | Reached skill level 6 in Invocations
   230 | D        | Reached skill level 1 in Evocations
   230 | D        | Reached XP level 5. HP: 56/56 MP: 4/11
   230 | D        | Reached XP level 6. HP: 62/62 MP: 4/12
   230 | D        | Reached XP level 7. HP: 69/69 MP: 4/13
   241 | D        | Reached ** piety under Cheibriados
   241 | D        | Reached skill level 7 in Invocations
   394 | D        | Noticed a cyclops
   394 | D        | Noticed a two-headed ogre
   397 | D        | Killed a cyclops
   397 | D        | Reached *** piety under Cheibriados
   397 | D        | Reached skill level 8 in Invocations
   397 | D        | Gained mutation: Your spells are much harder to cast, but
                  | much more powerful. [Djinni growth]
   397 | D        | Reached XP level 8. HP: 39/78 MP: 7/14
   398 | D        | Reached skill level 10 in Long Blades
   403 | D        | Killed a two-headed ogre
   403 | D        | Reached **** piety under Cheibriados
   403 | D        | Reached skill level 10 in Fighting
   403 | D        | Reached skill level 9 in Invocations
   403 | D        | Reached XP level 9. HP: 44/85 MP: 0/16
   601 | D        | Noticed a cane toad
   601 | D        | Noticed a komodo dragon
   603 | D        | Reached ***** piety under Cheibriados
   604 | D        | Killed a cane toad
   604 | D        | Reached skill level 10 in Invocations
   606 | D        | Killed a komodo dragon
   648 | D        | Noticed a seven-headed hydra
   648 | D        | Noticed a death yak
   648 | D        | Noticed a black mamba
   648 | D        | Noticed a torpor snail
   649 | D        | Reached ****** piety under Cheibriados
   649 | D        | Killed a black mamba
   649 | D        | Reached skill level 10 in Shields
   649 | D        | Reached XP level 10. HP: 94/94 MP: 16/18
   651 | D        | Killed a seven-headed hydra
   651 | D        | Reached skill level 11 in Invocations
   651 | D        | Noticed an elephant
   652 | D        | Killed a death yak
   652 | D        | Reached skill level 12 in Invocations
   653 | D        | Noticed a cane toad
   656 | D        | Killed a torpor snail
   662 | D        | Killed an elephant
   663 | D        | Killed a cane toad
   733 | D        | Reached skill level 13 in Invocations
   864 | D        | Noticed Psyche
   865 | D        | Noticed Urug
   867 | D        | Killed Psyche
   867 | D        | Reached skill level 14 in Invocations
   867 | D        | Reached XP level 11. HP: 102/102 MP: 15/21
   873 | D        | Killed Urug
   912 | D        | Noticed Harold
   922 | D        | Killed Harold
   922 | D        | Reached skill level 10 in Armour
   922 | D        | Reached skill level 15 in Invocations
  1190 | D        | Noticed an orc knight
  1190 | D        | Noticed an orc high priest
  1193 | D        | Killed an orc high priest
  1193 | D        | Reached skill level 5 in Dodging
  1193 | D        | Reached skill level 16 in Invocations
  1195 | D        | Noticed an orc knight
  1197 | D        | Noticed an orc knight
  1200 | D        | Killed an orc knight
  1202 | D        | Noticed an orc sorcerer
  1218 | D        | Killed an orc knight
  1219 | D        | Noticed a soul eater
  1219 | D        | Killed an orc sorcerer
  1219 | D        | Reached skill level 17 in Invocations
  1220 | D        | Killed an orc knight
  1276 | D        | Found Osiugav's General Store.
  1276 | D        | Noticed an orc knight
  1276 | D        | Noticed an orc knight
  1277 | D        | Noticed an orc knight
  1280 | D        | Killed an orc knight
  1280 | D        | Killed an orc knight
  1280 | D        | Reached skill level 18 in Invocations
  1281 | D        | Noticed an orc knight
  1284 | D        | Found Dixealelao's Gadget Shoppe.
  1285 | D        | Noticed an orc knight
  1286 | D        | Killed an orc knight
  1287 | D        | Found Heqefidi's Armour Emporium.
  1295 | D        | Killed an orc knight
  1304 | D        | Killed an orc knight
  1304 | D        | Gained mutation: Your casting is slightly disrupted.
                  | [Djinni growth]
  1304 | D        | Gained mutation: Your flesh is heat resistant. (rF+)
                  | [Djinni growth]
  1304 | D        | Gained mutation: You have an increased reservoir of magic.
                  | (+10% MP) [Djinni growth]
  1304 | D        | Gained mutation: You have a considerably increased
                  | reservoir of magic. (+20% MP) [Djinni growth]
  1304 | D        | Reached XP level 12. HP: 53/111 MP: 3/30
  1308 | D        | Found Koas Voa's General Store.
  1426 | D        | Reached skill level 19 in Invocations
  1471 | D        | Bought the +1 pair of gloves of the Clam {rF+ rC+ Int-2
                  | Slay+2} for 381 gold pieces
  1475 | D        | Bought a potion of heal wounds for 60 gold pieces
  1477 | D        | Bought a phial of floods for 560 gold pieces
  1477 | D        | Bought a fan of gales (2/2) for 420 gold pieces
  1477 | D        | Bought a box of beasts for 280 gold pieces
  1481 | D        | Bought a scroll of identify for 22 gold pieces
  1509 | D        | Noticed Joseph
  1521 | D        | Killed Joseph
  1552 | D        | Noticed Grum
  1557 | D        | Killed Grum
  1595 | D        | Got the ring "Uhetiva" {Fire rN+ Str-4 Int+4}
  1601 | D        | Found the +8 glaive of the Guard {elec, +Rage AC+5 SInv}
  1659 | D        | Noticed a tengu warrior
  1659 | D        | Noticed a centaur warrior
  1659 | D        | Noticed a two-headed ogre
  1659 | D        | Noticed a centaur warrior
  1659 | D        | Noticed a four-headed hydra
  1662 | D        | Killed a centaur warrior
  1662 | D        | Killed a centaur warrior
  1662 | D        | Reached skill level 20 in Invocations
  1666 | D        | Killed a tengu warrior
  1666 | D        | Killed a two-headed ogre
  1666 | D        | Reached skill level 15 in Long Blades
  1667 | D        | Noticed an ice dragon
  1668 | D        | Noticed a stone giant
  1669 | D        | Killed a four-headed hydra
  1670 | D        | Noticed a fire dragon
  1672 | D        | Noticed a tengu warrior
  1689 | D        | Killed an ice dragon
  1689 | D        | Reached skill level 21 in Invocations
  1697 | D        | Slain by a stone giant

Skill      XL: |  1  2  3  4  5  6  7  8  9 10 11 12 |
---------------+-------------------------------------+-----
Shields        | 3 4 7 8 9 10 11 12 | 12.6
Fighting       | 4 5 8 9 10 11 12 | 12.0
Armour         | 3 4 6 7 8 9 10 11 | 11.0
Spellcasting   | 3 4 |  4.5
Long Blades    | 3 4 8 9 11 12 14 15 | 15.0
Invocations    | 6 8 9 10 14 18 21 | 21.0
Dodging        | 2 3 4 5 |  5.4
Evocations     | 1 2 |  2.5

Action                   |  1- 3 |  4- 6 |  7- 9 | 10-12 || total
-------------------------+-------+-------+-------+-------++-------
Melee: Long sword        |    26 |     3 |       |       ||    29
       Scimitar          |       |     3 |    22 |   151 ||   176
Invok: Slouch            |       |       |     2 |    32 ||    34
Evoke: Wand              |       |     2 |     8 |       ||    10
  Use: Potion            |     1 |       |       |       ||     1
  Eat: Chunk             |       |       |       |     5 ||     5
Armor: Scale mail        |     8 |       |       |       ||     8
       Plate armour      |       |     2 |    10 |    12 ||    24
       Storm dragon scal |       |       |     2 |    15 ||    17
Dodge: Dodged            |     6 |       |     2 |    30 ||    38
Block: Medium shield     |     7 |     3 |    21 |   117 ||   148
